Map: Kairos Junction LE

Players

Dtrap - Winner!

  • Race: Zerg Zerg
  • League: Platinum
  • Spawn Location: 5:00

PsYsToRm

  • Race: Protoss Protoss
  • League: Platinum
  • Spawn Location: 11:00

VOD

Have the link to the VOD?

Description

Played like ass but still why not

Time

  • Played on: April 4, 2019, 3:11 p.m.
  • Length: 14:11
Show
View Real Time Build Order
Export as new Build Order

Dtrap Zerg - Winner!

Build Orders: Hatch First 

Get SALT Encoding   

  12  0:01  Drone  
  13  0:12  Overlord  
  13  0:18  Drone  
  14  0:30  Drone x2  
  16  0:37  Drone  
  17  0:53  Hatchery  
  16  0:57  Drone  
  16  0:59  Drone  
  16  1:04  Extractor  
  17  1:20  Drone, Spawning Pool  
  17  1:22  Drone  
  18  1:29  Drone  
  19  1:44  Drone  
  20  2:07  Queen x2  
  20  2:08  Zergling x6  
  24  2:30  Zergling x6  
  24  2:32  Overlord x2  
  25  2:55  Drone  
  25  2:56  Drone x3  
  29  3:08  Drone  
  29  3:09  Drone  
  29  3:10  Roach Warren  
  30  3:13  Baneling Nest  
  29  3:26  Drone  
  31  3:27  Drone x3  
  33  3:47  Drone x5  
  38  3:51  Drone x3, Extractor x2  
  39  3:58  Lair  
  39  4:02  Metabolic Boost  
  39  4:07  Overlord  
  39  4:12  Roach  
  39  4:14  Roach  
  39  4:17  Drone  
  44  4:20  Overlord  
  44  4:25  Drone x3  
  44  4:28  Drone x2  
  49  4:34  Drone  
  49  4:38  Roach  
  52  4:39  Overlord  
  52  4:42  Ravager  
  52  4:43  Ravager  
  54  4:47  Zergling x8  
  58  5:01  Roach x5  
  58  5:05  Overlord  
  58  5:06  Overlord  
  68  5:20  Hatchery  
  67  5:24  Ravager x2  
  67  5:27  Ravager  
  70  5:39  Queen  
  72  5:49  Extractor  
  71  6:04  Drone x3  
  71  6:05  Drone x3  
  76  6:38  Zergling x2  
  76  6:39  Roach x2, Zergling x20  
  85  6:49  Roach, Overlord  
  85  6:50  Overlord x5  
  87  6:59  Drone  
  88  7:26  Roach x11  
  106  7:41  Zergling x10  
  96  7:57  Drone  
  96  7:58  Drone x4  
  100  8:19  Spire  
  99  8:26  Evolution Chamber  
  99  8:27  Evolution Chamber, Roach x5  
  97  8:28  Roach x4  
  97  8:33  Hatchery  
  114  8:35  Roach x3, Hydralisk Den  
  117  8:42  Zergling x2  
  117  8:43  Zergling x4  
  113  8:54  Zergling x2  
  113  8:55  Zergling x12  
  115  9:08  Hydralisk x2  
  115  9:09  Hydralisk x4  
  109  9:20  Roach  
  109  9:21  Roach x7  
  125  9:25  Zerg Missile Weapons Level 1, Zerg Ground Armor Level 1  
  125  9:30  Drone x4  
  115  10:01  Zergling x28  
  115  10:05  Queen  
  131  10:14  Ravager x2  
  131  10:15  Ravager  
  92  10:49  Hydralisk x16  
  87  10:50  Hydralisk x4  
  116  11:04  Zergling x14  
  117  11:23  Roach  
  117  11:24  Roach x8  
  135  11:28  Hatchery  
  134  11:37  Ravager x2  
  134  11:39  Overlord x2  
  136  11:40  Overlord x3  
  136  11:48  Extractor  
  136  11:50  Extractor  
  119  12:13  Zergling x36  
  116  12:38  Mutalisk  
  116  12:39  Roach  
  116  12:40  Roach x9  
  116  12:43  Drone x2  
  140  13:15  Mutalisk, Roach  
  140  13:16  Roach x5  
  140  13:17  Roach x6  
  166  13:24  Drone x4  
  161  13:43  Drone x6  
  161  13:44  Drone x5  
Show
View Real Time Build Order
Export as new Build Order

PsYsToRm Protoss 

Build Orders: Forge Fast Expand (FFE) 

Get SALT Encoding   

  12  0:00  Probe  
  13  0:13  Probe  
  14  0:20  Pylon  
  14  0:25  Probe  
  15  0:38  Probe  
  16  0:51  Probe, Forge  
  17  1:15  Nexus  
  17  1:19  Probe  
  17  1:25  Pylon  
  18  1:33  Probe  
  19  1:40  Gateway  
  19  1:49  Photon Cannon  
  19  1:58  Photon Cannon  
  19  2:06  Assimilator  
  19  2:07  Probe  
  20  2:11  Assimilator  
  20  2:19  Probe  
  21  2:29  Probe  
  22  2:31  Probe  
  23  2:41  Probe  
  23  2:42  Photon Cannon  
  23  2:43  Probe  
  25  2:55  Photon Cannon  
  25  2:58  Photon Cannon  
  25  3:02  Probe  
  26  3:05  Probe  
  27  3:14  Probe  
  27  3:17  Probe  
  27  3:19  Zealot  
  31  3:35  Cybernetics Core  
  31  3:43  Probe x2  
  31  3:46  Assimilator  
  33  3:51  Probe x2  
  33  3:52  Warp Gate  
  34  3:59  Probe x2  
  35  4:05  Pylon x2  
  35  4:07  Pylon  
  35  4:08  Pylon  
  37  4:10  Probe  
  38  4:23  Probe x2, Stalker  
  42  4:35  Probe x2  
  44  4:47  Probe x2  
  44  4:48  Gateway  
  44  4:49  Gateway  
  44  4:51  Gateway  
  46  4:56  Gateway  
  46  4:59  Probe x2, Robotics Facility  
  48  5:05  Pylon  
  48  5:11  Probe  
  49  5:17  Assimilator  
  49  5:34  Gateway  
  49  5:37  Gateway  
  49  5:38  Gateway  
  49  5:39  Pylon  
  49  5:47  Observer  
  50  5:57  Stalker x2, Sentry  
  50  5:58  Zealot  
  50  5:59  Sentry  
  60  6:08  Immortal  
  62  6:26  Stalker x3  
  62  6:27  Stalker x2  
  60  6:47  Immortal  
  60  6:49  Stalker x2  
  60  6:50  Zealot x2  
  60  6:51  Sentry x4  
  80  7:05  Twilight Council  
  80  7:06  Pylon  
  80  7:07  Pylon  
  80  7:22  Stalker  
  82  7:23  Stalker, Zealot  
  82  7:24  Zealot x3  
  82  7:25  Zealot x2  
  86  7:48  Stalker  
  86  7:49  Stalker x3  
  86  7:50  Sentry, Zealot  
  86  7:51  Sentry x2  
  102  8:01  Blink  
  102  8:10  Nexus  
  102  8:13  Assimilator  
  102  8:14  Assimilator  
  102  8:16  Pylon  
  102  8:17  Pylon  
  102  8:19  Pylon  
  102  8:20  Pylon  
  102  8:23  Pylon  
  72  9:19  Stalker x2  
  72  9:20  Stalker x2, Sentry x2  
  72  9:21  Stalker  
  72  9:22  Zealot  
  84  9:38  Immortal  
  86  9:46  Stalker x2  
  86  9:47  Stalker x3  
  94  10:07  Immortal  
  94  10:15  Stalker  
  94  10:16  Stalker x3, Sentry  
  94  10:17  Sentry x3  
  94  10:46  Immortal  
  82  10:56  Stalker x4  
  82  10:57  Stalker, Sentry  
  84  10:58  Zealot x2  
  88  11:16  Probe  
  88  11:17  Probe x2  
  91  11:28  Stalker x2  
  91  11:29  Probe x3  
  98  11:41  Probe x3  
  101  11:47  Stalker  
  101  11:48  Stalker x3  
  101  11:53  Probe x3  
  108  12:05  Probe  
  91  12:11  Stalker x4  
  91  12:12  Stalker  
  91  12:13  Sentry x2  
  79  12:23  Stalker  
  79  12:29  Charge  
  65  12:35  Zealot x4  
  65  12:36  Zealot x3  
  72  12:41  Immortal  
  57  12:48  Sentry  
  56  13:05  Stalker x3  
  58  13:06  Sentry  
  58  13:08  Sentry  
  58  13:10  Sentry  
  68  13:17  Immortal  
  62  13:52  Stalker x2  
  62  13:53  Stalker, Zealot x2  
Tags
 
Add a new tag
Caveats
  • Supply blocks, unpowered buildings, or Contaminate may cause inaccurate times.
  • Supply counts are checked every 10 seconds.